 Dungeon Crawl Stone Soup version 0.17-a0-18-gc25b939 (console) character file.

24 MrRokkomies the Skirmisher (level 3, -3/63 HPs)
             Began as an Ogre Berserker on Mar 11, 2015.
             Was a Believer of Trog.
             Slain by Sigmund
             ... wielding a +0 scythe
              (8 damage)
             ... on level 2 of the Dungeon.
             The game lasted 00:02:30 (823 turns).

MrRokkomies the Skirmisher (Ogre Berserker)          Turns: 823, Time: 00:02:30

Health: -3/63      AC:  4    Str: 27    XL:     3   Next: 2%
Magic:  3/3        EV: 10    Int:  6    God:    Trog [**....]
Gold:   31         SH:  0    Dex: 10    Spells: 0 memorised, 2 levels left

rFire  . . .     SeeInvis .     a - +0 mace
rCold  . . .     Clarity  .     b - +0 animal skin
rNeg   . . .     SustAb   .     (shield restricted)
rPois  .         Gourm    .     (helmet restricted)
rElec  .         Spirit   .     e - +0 cloak
rCorr  .         Warding  .     (gloves unavailable)
rMut   .         Stasis   .     (boots unavailable)
MR     .....                    (no amulet)
Stlth  ..........               (no ring)
                                (no ring)

@: berserking, very quick, not resistant to hostile enchantments, extremely
unstealthy
A: unfitting armour, tough skin 1
a: Burn Spellbooks, Berserk, Trog's Hand, Renounce Religion


You were on level 2 of the Dungeon.
You worshipped Trog.
Trog was pleased with you.
You were not hungry.

You visited 1 branch of the dungeon, and saw 2 of its levels.

You collected 31 gold pieces.

Inventory:

Hand weapons
 a - a +0 mace (weapon)
Armour
 b - a +0 animal skin (worn)
 e - a +0 cloak (worn)
Jewellery
 k - an uncursed amulet of clarity {unknown}
Scrolls
 d - a scroll of identify {unknown}
 g - a scroll of remove curse {unknown}
 i - a scroll of enchant weapon {unknown}
 j - a scroll of fear {unknown}
 l - a scroll of enchant armour {unknown}
Potions
 f - a potion of mutation {unknown}
Comestibles
 c - 3 meat rations
 h - a beef jerky


   Skills:
 * Level 5.0 Fighting
 * Level 4.5 Maces & Flails
 - Level 1.5 Armour
 - Level 1.7 Dodging


You had 2 spell levels left.
You didn't know any spells.

Dungeon Overview and Level Annotations

Branches:
Dungeon (2/15)

Altars:

Annotations:
D:2 Sigmund


Innate Abilities, Weirdness & Mutations

You are too large for most types of armour.
You have tough skin (AC +1).


Message History

A red film seems to cover your vision as you go berserk!
You feel yourself moving faster!
You feel mighty!
You feel somewhat more hungry. Something hits you!
You thump something! You barely miss something.
Something hits you but does no damage.
You bludgeon something!! You closely miss something.
You hear some strange, mumbled words.
Something tries to affect you, but you resist.
You closely miss something. Something hits you!
* * * LOW HITPOINT WARNING * * *
You miss something. You barely miss something. Something hits you!
* * * LOW HITPOINT WARNING * * *
You closely miss something. You barely miss something. Something hits you.
* * * LOW HITPOINT WARNING * * *
You closely miss something. You closely miss something. Something hits you!
You die...

#######..# #......
.........# #......
.........## ......
......>$...####.#.#
..................#
..................#
#.....####.........#
#.....####.$.......#
...................#
........{...........#
........@...........#
.......[............####.
........##..............
........##.........#####
..?................#
.......##.........#
......####.###.#.# .....#
.. #...#### ..#. ##.....#
.#######...#.#
#.......#<..#.##


There were no monsters in sight!

Vanquished Creatures
  A giant gecko (D:2)
  An ooze (D:1)
  A giant cockroach (D:1)
  7 hobgoblins (D:1)
  A ball python (D:1)
  4 bats
  A giant newt (D:1)
  A goblin (D:1)
  A kobold (D:1)
  3 rats (D:1)
21 creatures vanquished.

Notes
Turn   | Place    | Note
--------------------------------------------------------------
     0 | D:1      | MrRokkomies, the Ogre Berserker, began the quest for the Orb.
     0 | D:1      | Reached XP level 1. HP: 24/24 MP: 1/1
   157 | D:1      | Reached XP level 2. HP: 30/33 MP: 2/2
   559 | D:1      | Acquired Trog's second power
   775 | D:2      | Reached skill level 5 in Fighting
   803 | D:2      | Noticed Sigmund
   807 | D:2      | Reached XP level 3. HP: 37/42 MP: 3/3
   823 | D:2      | Slain by Sigmund

Action                   || total
-------------------------++-------
Melee: Mace              ||    91
Invok: Berserk           ||     1
